 Dungeon Crawl Stone Soup version 0.28-a0-932-g843f935a50 (webtiles) character file.

Game seed: 4072006505825409665

244228 blank1 the Slayer (level 18, -4/184 HPs)
             Began as a Minotaur Fighter on Nov 28, 2021.
             Was the Champion of Okawaru.
             Slain by a black draconian knight (24 damage)
             ... on level 1 of the Vaults.
             The game lasted 01:37:29 (38276 turns).

blank1 the Slayer (Minotaur Fighter)               Turns: 38276, Time: 01:37:30

Health: -4/184     AC: 31    Str: 36    XL:     18   Next: 73%
Magic:  41/41      EV: 21    Int:  9    God:    Okawaru [******]
Gold:   3984       SH: 18    Dex: 26    Spells: 17/17 levels left

rFire   + . .      SeeInvis .   m - +9 eveningstar (holy)
rCold   + . .      Faith    .   l - +2 kite shield {reflect}
rNeg    + . .      Spirit   .   h - +0 plate armour of Vuowut {rCorr Dex+6}
rPois   .          Reflect  +   n - +2 hat
rElec   .          Harm     .   k - +2 cloak {Will+}
rCorr   +          Rampage  +   b - +2 pair of gloves of Sif Muna's Generosity {rF+ rC+ MP+9 Str+9}
Will    ++...                   o - +2 pair of boots {rampage}
Stlth   ..........              V - amulet of regeneration
HPRegen 1.20/turn               M - +6 ring of dexterity
MPRegen 0.27/turn               U - ring "Tuys" {rN+ MP+9 Str+2 Int+4}

@: no status effects
A: horns 2, retaliatory headbutt
}: 2/15 runes: barnacled, gossamer
a: Renounce Religion, Heroism, Finesse, Duel


You were on level 1 of the Vaults.
You worshipped Okawaru.
Okawaru was exalted by your worship.
You visited 7 branches of the dungeon, and saw 33 of its levels.
You also visited: Bailey and Ice Cave.

You collected 4951 gold pieces.
You spent 967 gold pieces at shops.

Inventory:

Hand Weapons
 m - a +9 eveningstar of holy wrath (weapon)
 w - a +5 vampiric eveningstar
 L - the +9 war axe of Bodily Humours {venom, +Blink rElec Stlth+}
   (You found it on level 6 of the Lair of Beasts)

   It poisons the flesh of those it strikes.
   rElec:     It insulates you from electricity.
   +Blink:    It lets you blink.
   Stlth:     It makes you more stealthy.
 R - the +2 morningstar of Dim Light {antimagic, Fly rCorr}
   (Okawaru gifted it to you on level 12 of the Dungeon)

   It reduces the magical energy of the wielder, and disrupts the spells and
   magical abilities of those it strikes.
   Natural abilities and divine invocations are not affected.
   Fly:       It grants you flight.
   rCorr:     It protects you from acid and corrosion.
 W - the +8 autumn katana {vorpal, Clar}
   (You found it on level 14 of the Dungeon)

   It inflicts extra damage upon your enemies.
   Clar:      It protects you against confusion.
Missiles
 A - 3 throwing nets (quivered)
Armour
 b - the +2 pair of gloves of Sif Muna's Generosity (worn) {rF+ rC+ MP+9 Str+9}
   (You found it on level 15 of the Dungeon)

   Str:       It affects your strength (+9).
   rF:        It protects you from fire.
   rC:        It protects you from cold.
   MP:        It affects your magic capacity (+9).
 h - the +0 plate armour of Vuowut (worn) {rCorr Dex+6}
   (You took it off an orc warrior on level 7 of the Dungeon)

   Dex:       It affects your dexterity (+6).
   rCorr:     It protects you from acid and corrosion.
 k - a +2 cloak of willpower (worn)
 l - a +2 kite shield of reflection (worn)
 n - a +2 hat (worn)
 o - a +2 pair of boots of rampaging (worn)
 F - a +0 tower shield of reflection
Jewellery
 H - a ring of see invisible
 M - a +6 ring of dexterity (left hand)
 O - a ring of poison resistance
 U - the ring "Tuys" (right hand) {rN+ MP+9 Str+2 Int+4}
   (You found it on level 14 of the Dungeon)

   [ring of magical power]

   Str:       It affects your strength (+2).
   Int:       It affects your intelligence (+4).
   rN:        It protects you from negative energy.
   MP:        It affects your magic capacity (+9).
 V - an amulet of regeneration (around neck)
Wands
 a - a wand of iceblast (32)
 e - a wand of mindburst (7)
 j - a wand of paralysis (70)
 y - a wand of digging (18)
 B - a wand of acid (18)
 G - a wand of flame (65)
Scrolls
 g - 13 scrolls of teleportation
 i - 4 scrolls of blinking
 p - 7 scrolls of fog
 r - 4 scrolls of amnesia
 C - a scroll of silence
 J - 6 scrolls of immolation
 K - 3 scrolls of fear
 P - 3 scrolls of magic mapping
 Q - a scroll of brand weapon
 T - 14 scrolls of identify
 Z - a scroll of enchant armour
Potions
 c - 3 potions of cancellation
 d - 11 potions of might
 f - 8 potions of ambrosia
 q - 5 potions of mutation
 s - 4 potions of flight
 t - 6 potions of haste
 u - 12 potions of heal wounds
 v - 10 potions of curing
 x - 4 potions of invisibility
 z - 10 potions of lignification
 D - 2 potions of resistance
 E - 6 potions of brilliance
 I - 7 potions of attraction
 N - 2 potions of berserk rage
 S - 2 potions of magic


   Skills:
 - Level 22.0 Fighting
 - Level 10.0 Long Blades
 - Level 17.0 Maces & Flails
 + Level 18.2 Armour
 - Level 15.0 Dodging
 - Level 15.0 Shields
 + Level 8.3 Invocations


You had 17 spell levels left.
You didn't know any spells.
Your spell library contained the following spells:

 Spells                   Type           Power      Damage    Failure   Level
 Apportation              Tloc           0%         N/A       82%         1
 Foxfire                  Conj/Fire      0%         2x1d4     82%         1
 Sandblast                Erth           0%         2d4       82%         1
 Shock                    Conj/Air       0%         1d3       82%         1
 Ensorcelled Hibernation  Hex/Ice        0%         N/A       91%         2
 Passwall                 Tmut/Erth      0%         N/A       91%         2
 Static Discharge         Conj/Air       0%         N/A       91%         2
 Sublimation of Blood     Necr           0%         N/A       91%         2
 Wereblood                Tmut           0%         N/A       91%         2
 Conjure Flame            Conj/Fire      0%         6-21      99%         3
 Gell's Gravitas          Tloc           0%         N/A       99%         3
 Inner Flame              Hex/Fire       0%         N/A       99%         3
 Ozocubu's Armour         Ice            0%         N/A       99%         3
 Portal Projectile        Hex/Tloc       0%         N/A       99%         3
 Stone Arrow              Conj/Erth      0%         3d7       99%         3
 Swiftness                Air            0%         N/A       99%         3
 Teleport Other           Tloc           0%         N/A       99%         3
 Airstrike                Air            0%         N/A       100%        4
 Dispel Undead            Necr           0%         3d6       100%        4
 Flame Wave               Conj/Fire      0%         3d3       100%        4
 Hailstorm                Conj/Ice       0%         3d3       100%        4
 Ice Form                 Ice/Tmut       0%         N/A       100%        4
 Leda's Liquefaction      Hex/Erth       0%         N/A       100%        4
 Sticky Flame             Conj/Fire      0%         2d3       100%        4
 Blade Hands              Tmut           0%         N/A       100%        5
 Freezing Cloud           Conj/Ice/Air   0%         6-21      100%        5
 Irradiate                Conj/Tmut      0%         3d13      100%        5
 Lee's Rapid Deconstruct  Erth           0%         3d5*      100%        5
 Metabolic Englaciation   Hex/Ice        0%         N/A       100%        5
 Dispersal                Tloc           0%         N/A       100%        6
 Statue Form              Tmut/Erth      0%         N/A       100%        6
 Dragon Form              Tmut           0%         N/A       100%        7
 Orb of Destruction       Conj           0%         N/A       100%        7
 Storm Form               Tmut/Air       0%         N/A       100%        7
 Maxwell's Capacitive Co  Air            0%         ∞         100%        8
 Polar Vortex             Ice            0%         N/A       100%        9
 Animate Skeleton         Necr           Unusable   N/A       N/A         1
 Summon Small Mammal      Summ           Unusable   N/A       N/A         1
 Call Canine Familiar     Summ           Unusable   N/A       N/A         3
 Tukima's Dance           Hex            Unusable   N/A       N/A         3
 Summon Lightning Spire   Summ/Air       Unusable   N/A       N/A         4
 Summon Mana Viper        Hex/Summ       Unusable   N/A       N/A         5
 Simulacrum               Ice/Necr       Unusable   N/A       N/A         6
 Malign Gateway           Summ/Tloc      Unusable   N/A       N/A         7
 Summon Hydra             Summ           Unusable   N/A       N/A         7

Dungeon Overview and Level Annotations

Branches:
Dungeon (15/15)            Temple (1/1) D:6            Lair (6/6) D:8
 Shoals (4/4) Lair:2       Spider (4/4) Lair:2        Slime (0/5) Lair:6
    Orc (2/2) D:11            Elf (0/3) Orc:2        Vaults (1/5) D:14
 Depths (0/4) D:15         Bailey (visited)           IceCv (visited)

Altars:
Ashenzari
Cheibriados
Dithmenos
Elyvilon
Fedhas
Hepliaklqana
Kikubaaqudgha
Makhleb
Okawaru
Qazlal
Trog
Wu Jian
Xom
Yredelemnul
Zin
The Shining One
Beogh
Lugonu

Shops:
D:5 [   D:9 ?   D:11 !   D:13 (   Orc:2 [=!*   Shoals:3 ?   Vaults:1 *

Portals:
Abyss: Lair:6

Annotations:
D:15 3 runed translucent doors, Sapheram's ghost, journeyman DsGl


Innate Abilities, Weirdness & Mutations

You have a pair of horns on your head.
You reflexively headbutt those who attack you in melee.


Message History

> or
U - the ring "Tuys" {rN+ MP+9 Str+2 Int+4} You remove your ring of see invisible.
You feel agile.
M - a +6 ring of dexterity (left hand)
You start resting.
The spectator waves excitedly.
Magic restored.
There is a gate leading back out of this place here.
You start resting.
Okawaru bids you farewell from the Arena.
You start resting.
You are returned from the Arena.
Welcome back to the Vaults!
The black draconian knight casts a spell.
The black draconian knight seems to speed up.
You rampage towards the ancient champion!
You spit the ancient champion like a pig!!!
The ancient champion convulses!
The ancient champion is almost destroyed.
The black draconian knight gestures wildly while chanting.
The black draconian knight flickers and vanishes!
Deactivating autopickup; reactivate with Ctrl-A.
Unknown command.
You impale the ancient champion!!
You destroy the ancient champion!
Okawaru accepts your kill. Something hits you but does no damage.
A bolt of lightning appears from out of thin air!
The bolt of lightning hits you!!
* * * LOW HITPOINT WARNING * * *
Things that are here:
a +0 great mace of draining; a +0 chain mail Unknown command.
Something hits you.
* * * LOW HITPOINT WARNING * * *
Something misses you.
You puncture something! You headbutt something. Something hits you!!
* * * LOW HITPOINT WARNING * * *
You hit something but do no damage. You headbutt something.
Something hits you!!
You die...

###.#.....# #.... ..
..[.####### #... .. #
......#...# #..### .#
......'...# #..#( ..#
###'#.#...# #..###..#
....#.#...# #.[.....#
....#.#...# #.......#
################{#######
...............)@.......
........................
.......##########+######
.......# .......#
.......# .......#
.......#


You could see a +8 long sword.

Vanquished Creatures
  Bai Suzhen (Shoals:4)
  Nikola (Shoals:1)
  Arachne (Spider:3)
  Jorgrun (Orc:1)
  Rupert (Orc:2)
  Polyphemus (Shoals:3)
  A sphinx (D:14)
  Agnes (Vaults:1)
  An ancient champion (Vaults:1)
  Kirke (Lair:6)
  Donald (Spider:4)
  Roxanne (D:15)
  5 ghost moths
  2 frost giants
  7 emperor scorpions
  A draconian knight (Arena)
  2 orc warlords
  A juggernaut zombie (D:15)
  A very ugly thing (Vaults:1)
  Nessos (D:12)
  3 dire elephants (Vaults:1)
  4 entropy weavers
  3 spark wasps (Spider:1)
  9 merfolk impalers
  The ghost of Viul the Destroyer, a journeyman DgCj (Lair:6)
  2 merfolk javelineers (Shoals:4)
  Josephine (D:11)
  Snorg (Orc:2)
  An ettin (D:14)
  An ice dragon (IceCv)
  3 catoblepae
  Fannar (Lair:2)
  4 merfolk avatars
  4 merfolk aquamancers
  8 centaur warriors
  6 hydras
  4 death yaks (Shoals:3)
  9 two-headed ogres
  7 boulder beetles
  Erica (Lair:1)
  2 dancing weapons (D:14)
  An anaconda (shapeshifter) (D:14)
  A tengu warrior (D:10)
  3 satyrs
  A vampire mage (D:15)
  Urug (Lair:2)
  A deep elf knight (D:14)
  6 orc high priests
  The ghost of gigimoi the Grappler, a novice TrTm of Sif Muna (D:7)
  A storm dragon zombie (D:15)
  2 thrashing horrors (Lair:6)
  2 skeletal warriors (D:15)
  6 sea snakes
  A fire crab (shapeshifter) (Lair:6)
  2 deep trolls (Vaults:1)
  A phantasmal warrior (D:14)
  4 ironbound convokers (Vaults:1)
  3 lindwurms
  10 orc knights
  A wizard (Vaults:1)
  A necromancer (D:15)
  A deep elf pyromancer (D:12)
  25 harpies
  5 orc sorcerers
  An orb spider (shapeshifter) (Lair:6)
  3 large abominations (Lair:6)
  14 ugly things
  24 wolf spiders
  11 cyclopes
  7 fauns
  An oklob plant (Lair:4)
  16 orb spiders
  A cyclops (shapeshifter) (D:14)
  17 manticores
  A moth of wrath (shapeshifter) (Lair:6)
  A frost giant skeleton (D:15)
  15 elephants
  4 merfolk sirens
  9 black mambas
  Maurice (D:8)
  4 vault sentinels (Vaults:1)
  2 ice statues (IceCv)
  2 torpor snails
  A smoke demon (Lair:6)
  5 water nymphs
  A gargoyle (D:12)
  11 cane toads
  9 komodo dragons
  4 rime drakes
  2 kobold demonologists
  A rime drake (shapeshifter) (Lair:6)
  An unseen horror (D:12)
  2 efreet
  2 freezing wraiths (D:14)
  2 ancient zymes (Lair:6)
  24 jumping spiders
  6 trolls
  11 demonic crawlers
  2 hornets (shapeshifter)
  23 merfolk
  3 meliai (Spider:3)
  A wolf spider simulacrum (D:15)
  9 wind drakes
  A queen bee (Spider:3)
  A wind drake (shapeshifter) (Lair:6)
  4 polar bears
  5 dream sheep (Lair:6)
  9 slime creatures (Vaults:1)
  4 hornets
  A spriggan zombie (D:15)
  18 blink frogs
  A meliai zombie (D:11)
  12 snapping turtles
  25 tarantellas
  A spriggan (Lair:6)
  7 wraiths
  A ynoxinul (Lair:6)
  A centaur simulacrum (D:14)
  51 redbacks
  5 water elementals
  A shadow (D:10)
  4 wyverns
  35 yaks
  5 basilisks
  3 steam dragons
  5 hogs (Lair:6)
  A chaos spawn (Lair:6)
  A death yak simulacrum (Lair:2)
  8 vampire mosquitoes
  6 wargs
  8 small abominations (Lair:6)
  17 water moccasins
  47 orc warriors
  A sky beast (D:4)
  6 ice beasts (Lair:4)
  2 black bears
  A necrophage (D:5)
  28 wolves
  15 centaurs
  A boggart (Vaults:1)
  19 ogres
  11 kobold brigands
  7 bullfrogs
  6 gnoll sergeants (D:11)
  2 cane toad simulacra (Lair:2)
  A wyvern zombie (D:8)
  2 scorpions
  17 killer bees
  3 lindwurm simulacra (IceCv)
  5 wights (D:9)
  3 howler monkeys (D:10)
  5 electric eels
  2 bullfrog zombies (D:6)
  4 centaur zombies (D:8)
  4 komodo dragon simulacra (IceCv)
  5 jellies
  A gnoll shaman (D:6)
  6 hounds
  An iron imp (D:4)
  40 orc priests
  4 iguanas
  22 orc wizards
  A killer bee zombie (D:7)
  A howler monkey skeleton (D:6)
  22 gnolls
  8 adders
  5 acid dragon simulacra (IceCv)
  2 white imps
  An ufetubus (D:5)
  9 steam dragon simulacra (IceCv)
  2 adder skeletons (D:4)
  4 worms
  107 orcs
  9 ball pythons
  11 endoplasms
  6 giant cockroaches
  6 goblins
  15 hobgoblins
  11 jackals
  32 kobolds
  2 quokkas
  7 bats
  3 frilled lizards
  5 rats
  A spectral hobgoblin (D:1)
  A bush (D:8)
  A plant (Shoals:3)
1225 creatures vanquished.

Vanquished Creatures (others)
  A fire giant (D:14)
  2 orb spiders (Spider:3)
  A manticore (Shoals:1)
  A rime drake (IceCv)
  A jumping spider (Spider:3)
  2 redbacks (Spider:3)
  2 hogs (Lair:6)
  An orc wizard (Orc:1)
  An orc (Orc:1)
  10 fungi
  74 plants
  5 withered plants (D:15)
101 creatures vanquished.

Grand Total: 1326 creatures vanquished

Notes
Turn   | Place    | Note
-------+----------+-------------------------------------------
     0 | D:1      | blank1 the Minotaur Fighter began the quest for the Orb.
     0 | D:1      | Reached XP level 1. HP: 19/19 MP: 0/0
   256 | D:1      | Found a faded altar of an unknown god.
   342 | D:1      | Reached XP level 2. HP: 27/27 MP: 1/1
  1062 | D:2      | Reached skill level 1 in Dodging
  1153 | D:2      | Reached skill level 4 in Fighting
  1153 | D:2      | Reached XP level 3. HP: 33/33 MP: 2/2
  1516 | D:4      | Found an ornate altar of the Wu Jian Council.
  1622 | D:3      | Reached XP level 4. HP: 4/40 MP: 3/3
  2839 | D:3      | Found a white marble altar of Elyvilon.
  2840 | D:3      | Found a glowing golden altar of the Shining One.
  2843 | D:3      | Found a shimmering altar of Xom.
  2845 | D:3      | Found a hazy altar of Hepliaklqana.
  2846 | D:3      | Found a bloodstained altar of Trog.
  2862 | D:3      | Found a broken altar of Ashenzari.
  3061 | D:3      | Reached XP level 5. HP: 43/47 MP: 4/4
  3515 | D:3      | Reached skill level 5 in Fighting
  3515 | D:3      | Reached skill level 5 in Maces & Flails
  3797 | D:4      | Noticed a sky beast
  3812 | D:4      | Killed a sky beast
  3813 | D:4      | Reached XP level 6. HP: 47/57 MP: 5/5
  3875 | D:4      | Reached skill level 6 in Fighting
  3938 | D:4      | Found a snail-covered altar of Cheibriados.
  4455 | D:5      | Entered Level 5 of the Dungeon
  4572 | D:5      | Reached skill level 7 in Fighting
  4572 | D:5      | Reached XP level 7. HP: 54/66 MP: 6/6
  4846 | D:5      | Reached skill level 8 in Fighting
  4871 | D:5      | Noticed a troll
  4890 | D:5      | Killed a troll
  5159 | D:5      | Found Usefuiw's Armour Boutique.
  5295 | D:5      | Reached XP level 8. HP: 61/74 MP: 7/7
  5330 | D:5      | Reached skill level 5 in Armour
  5846 | D:6      | Reached skill level 9 in Fighting
  6027 | D:6      | Reached skill level 10 in Fighting
  6042 | D:6      | Reached XP level 9. HP: 60/85 MP: 5/8
  6274 | D:6      | Found a staircase to the Ecumenical Temple.
  6308 | Temple   | Entered the Ecumenical Temple
  6333 | Temple   | Became a worshipper of Warmaster Okawaru
  6846 | D:7      | Reached skill level 1 in Invocations
  6847 | D:7      | Noticed a kobold demonologist
  6856 | D:7      | Killed a kobold demonologist
  7522 | D:7      | Identified the +0 plate armour of Vuowut {rCorr Dex+6}
  7522 | D:7      | Noticed gigimoi's ghost (novice TrTm)
  7523 | D:7      | Found a runed translucent gate.
  7524 | D:7      | Found a runed translucent gate.
  7525 | D:7      | Found a runed translucent gate.
  7571 | D:7      | Reached skill level 10 in Maces & Flails
  7919 | D:8      | Found a flagged portal.
  7945 | Bailey   | Entered a bailey
  8080 | Bailey   | Noticed an orc knight
  8174 | Bailey   | Reached * piety under Okawaru
  8200 | Bailey   | Killed an orc knight
  8532 | D:8      | Acquired a +3 eveningstar of holy wrath
  8549 | D:8      | Noticed Maurice
  8587 | D:8      | Killed Maurice
  8587 | D:8      | Reached ** piety under Okawaru
  8588 | D:8      | Reached skill level 5 in Dodging
  8863 | D:8      | Reached XP level 10. HP: 79/93 MP: 10/12
  8932 | D:8      | Found a staircase to the Lair.
  9031 | D:8      | Found a blossoming altar of Fedhas.
  9318 | D:8      | Identified the +3 leather armour of Midsummer {rF+ Str+6
                  | Slay+3}
  9547 | D:9      | Reached *** piety under Okawaru
  9837 | D:9      | Reached skill level 11 in Fighting
  9941 | D:9      | Found a stormy altar of Qazlal.
 10082 | D:9      | Found Hettank's Magic Scroll Shoppe.
 10095 | D:9      | Reached skill level 5 in Shields
 10099 | D:9      | Bought 3 scrolls of enchant weapon for 292 gold pieces
 10258 | D:10     | Entered Level 10 of the Dungeon
 10261 | D:10     | Noticed a tengu warrior
 10264 | D:10     | Noticed an orc knight
 10271 | D:10     | Killed an orc knight
 10281 | D:10     | Killed a tengu warrior
 10281 | D:10     | Reached **** piety under Okawaru
 10364 | D:10     | Noticed a two-headed ogre
 10372 | D:10     | Killed a two-headed ogre
 10392 | D:10     | Got the Almanac of the Creative Glacier
 11222 | D:10     | Reached ***** piety under Okawaru
 11223 | D:10     | Reached skill level 12 in Fighting
 11258 | D:10     | Found a glowing silver altar of Zin.
 11287 | D:10     | Reached XP level 11. HP: 98/104 MP: 13/13
 11330 | D:10     | Found a basalt altar of Yredelemnul.
 11506 | Lair:1   | Entered Level 1 of the Lair of Beasts
 11519 | Lair:1   | Noticed a seven-headed hydra
 11530 | Lair:1   | Killed a seven-headed hydra
 11530 | Lair:1   | Identified the +5 dire flail of Ambiguity {flame, +Blink
                  | rC+} (Okawaru gifted it to you on level 1 of the Lair of
                  | Beasts)
 11530 | Lair:1   | Received a gift from Okawaru
 12030 | Lair:1   | Noticed Erica
 12047 | Lair:1   | Killed Erica
 12048 | Lair:1   | Reached skill level 10 in Armour
 12558 | Lair:2   | Found a frozen archway.
 12604 | Lair:2   | Reached skill level 13 in Fighting
 12811 | IceCv    | Entered an ice cave
 13284 | IceCv    | Noticed an ice dragon
 13297 | IceCv    | Killed an ice dragon
 13297 | IceCv    | Received a gift from Okawaru
 13338 | IceCv    | Reached XP level 12. HP: 73/116 MP: 12/14
 13989 | Lair:2   | Noticed Urug
 14006 | Lair:2   | Killed Urug
 14007 | Lair:2   | Reached skill level 14 in Fighting
 14169 | Lair:2   | Found a staircase to the Shoals.
 14398 | Lair:2   | Noticed Fannar
 14417 | Lair:2   | Killed Fannar
 14559 | Lair:2   | Found a hole to the Spider Nest.
 15009 | Lair:3   | Reached ****** piety under Okawaru
 15212 | Lair:3   | Reached skill level 10 in Shields
 16967 | Lair:4   | Received a gift from Okawaru
 16968 | Lair:4   | Reached XP level 13. HP: 124/125 MP: 15/15
 17279 | Lair:5   | Reached skill level 15 in Fighting
 17279 | Lair:5   | Reached skill level 15 in Maces & Flails
 17744 | Lair:5   | Reached skill level 5 in Invocations
 18180 | Lair:5   | Received a gift from Okawaru
 18444 | Lair:6   | Entered Level 6 of the Lair of Beasts
 18466 | Lair:6   | Found a staircase to the Slime Pits.
 18471 | Lair:6   | Noticed Kirke
 18498 | Lair:6   | Killed Kirke
 18498 | Lair:6   | Received a gift from Okawaru
 18839 | Lair:6   | Noticed Viul's ghost (journeyman DgCj)
 18847 | Lair:6   | Found a runed translucent gate.
 18847 | Lair:6   | Found a runed translucent gate.
 18848 | Lair:6   | Found a runed translucent gate.
 18976 | Lair:6   | Reached skill level 16 in Fighting
 19012 | Lair:6   | Received a gift from Okawaru
 19046 | Lair:6   | Reached skill level 10 in Dodging
 19706 | Lair:6   | Reached XP level 14. HP: 129/138 MP: 14/16
 19810 | Lair:6   | Identified the +9 war axe of Bodily Humours {venom, +Blink
                  | rElec Stlth+}
 19946 | Lair:6   | Identified the +6 spear "Xiakaf" {vorpal, +Blink Stlth+}
 20024 | Lair:6   | Identified the +4 pair of boots of Levity {+Blink rCorr
                  | Slay-3} (Okawaru gifted it to you on level 6 of the Lair of
                  | Beasts)
 20024 | Lair:6   | Received a gift from Okawaru
 20225 | Lair:6   | Found a corrupted altar of Lugonu.
 20225 | Lair:6   | Found a one-way gate to the infinite horrors of the Abyss.
 20577 | Lair:6   | Killed Viul's ghost
 20580 | Lair:6   | Reached skill level 17 in Fighting
 20846 | D:7      | Killed gigimoi's ghost
 21156 | D:11     | Found Ufoul's Distillery.
 21336 | D:11     | Found a staircase to the Orcish Mines.
 21485 | D:11     | Noticed Josephine
 21497 | D:11     | Killed Josephine
 22325 | D:12     | Reached skill level 18 in Fighting
 22387 | D:12     | Identified the +2 morningstar of Dim Light {antimagic, Fly
                  | rCorr} (Okawaru gifted it to you on level 12 of the
                  | Dungeon)
 22387 | D:12     | Received a gift from Okawaru
 22444 | D:12     | Noticed Nessos
 22460 | D:12     | Killed Nessos
 22692 | D:13     | Found Raut's Antique Weapon Boutique.
 23670 | D:14     | Found a gate to the Vaults.
 23674 | D:14     | Reached XP level 15. HP: 129/149 MP: 18/18
 23763 | D:14     | Found a broken altar of Ashenzari.
 23922 | D:14     | Received a gift from Okawaru
 24195 | D:14     | Noticed a sphinx
 24203 | D:14     | Killed a sphinx
 24229 | D:14     | Identified the ring "Tuys" {rN+ MP+9 Str+2 Int+4}
 24362 | D:14     | Noticed a fire giant
 24369 | D:14     | Killed a fire giant
 24650 | D:14     | Noticed a frost giant
 24656 | D:14     | Killed a frost giant
 24707 | D:14     | Found the +8 autumn katana {vorpal, Clar}
 24800 | D:14     | Identified the +9 glaive of the Poles {protect, Will+ SInv}
 24885 | D:15     | Entered Level 15 of the Dungeon
 24885 | D:15     | Found a runed translucent gate.
 24885 | D:15     | Found a runed translucent gate.
 24918 | D:15     | Noticed Roxanne
 24933 | D:15     | Killed Roxanne
 24934 | D:15     | Reached skill level 1 in Long Blades
 25117 | D:15     | Received a gift from Okawaru
 25271 | D:15     | Identified the +2 pair of gloves of Sif Muna's Generosity
                  | {rF+ rC+ MP+9 Str+9}
 25364 | D:15     | Found a staircase to the Depths.
 25414 | D:15     | Found an ancient bone altar of Kikubaaqudgha.
 25573 | D:15     | Found a runed translucent gate.
 25573 | D:15     | Noticed Sapheram's ghost (journeyman DsGl)
 25740 | Orc:1    | Entered Level 1 of the Orcish Mines
 25740 | Orc:1    | Noticed an orc warlord
 25750 | Orc:1    | Noticed Jorgrun
 25765 | Orc:1    | Killed Jorgrun
 25810 | Orc:1    | Killed an orc warlord
 26011 | Orc:1    | Paralysed by an orc sorcerer for 6 turns
 26199 | Orc:1    | Reached skill level 15 in Armour
 26199 | Orc:1    | Reached skill level 15 in Shields
 26329 | Orc:2    | Entered Level 2 of the Orcish Mines
 26345 | Orc:2    | Reached skill level 5 in Long Blades
 26372 | Orc:2    | Noticed Rupert
 26375 | Orc:2    | Paralysed by Rupert for 3 turns
 26386 | Orc:2    | Killed Rupert
 26742 | Orc:2    | Reached XP level 16. HP: 157/157 MP: 20/20
 27089 | Orc:2    | Found Zumu's Distillery.
 27106 | Orc:2    | Found Syrott's Assorted Antiques.
 27135 | Orc:2    | Received a gift from Okawaru
 27644 | Orc:2    | Found a staircase to the Elven Halls.
 27825 | Orc:2    | Found Malu's Jewellery Emporium.
 27953 | Orc:2    | Noticed Snorg
 27961 | Orc:2    | Killed Snorg
 28048 | Orc:2    | Found Raonti Ixet's Antique Armour Shop.
 28255 | Orc:2    | Bought a glowing cloak for 255 gold pieces
 28255 | Orc:2    | Bought a pair of warped boots for 323 gold pieces
 28255 | Orc:2    | Identified the +0 pair of boots of Honour {rCorr MP+9} (You
                  | bought it in a shop on level 2 of the Orcish Mines)
 28458 | D:9      | Bought a scroll of enchant armour for 97 gold pieces
 28737 | Spider:1 | Entered Level 1 of the Spider Nest
 29178 | Spider:1 | Received a gift from Okawaru
 29330 | Spider:1 | Reached skill level 19 in Fighting
 30705 | Spider:2 | Reached skill level 20 in Fighting
 30753 | Spider:2 | Acquired 540 gold pieces
 31814 | Spider:4 | Entered Level 4 of the Spider Nest
 31859 | Spider:4 | Noticed Arachne
 31957 | Spider:3 | Killed Arachne
 32097 | Spider:4 | Received a gift from Okawaru
 32165 | Spider:4 | Reached XP level 17. HP: 159/170 MP: 22/22
 32209 | Spider:4 | Noticed Donald
 32221 | Spider:4 | Killed Donald
 33191 | Spider:4 | Got a gossamer rune of Zot
 33474 | Shoals:1 | Entered Level 1 of the Shoals
 33598 | Shoals:1 | Received a gift from Okawaru
 33868 | Shoals:1 | Noticed Nikola
 33882 | Shoals:1 | Killed Nikola
 34391 | Shoals:2 | Identified the -4 tower shield of Lifelessness {Fly rPois
                  | Int-2} (Okawaru gifted it to you on level 2 of the Shoals)
 34391 | Shoals:2 | Received a gift from Okawaru
 34585 | Shoals:2 | Reached skill level 10 in Long Blades
 34698 | Shoals:2 | Reached skill level 15 in Dodging
 35305 | Shoals:3 | Noticed Polyphemus
 35335 | Shoals:3 | Killed Polyphemus
 35347 | Shoals:3 | Reached XP level 18. HP: 113/179 MP: 23/23
 35474 | Shoals:3 | Found Ykhlysier's Magic Scroll Emporium.
 35936 | Shoals:4 | Entered Level 4 of the Shoals
 36075 | Shoals:4 | Received a gift from Okawaru
 36114 | Shoals:4 | Got The Arcane Secrets of Hermeneutics
 36380 | Shoals:4 | Received a gift from Okawaru
 36579 | Shoals:4 | Reached skill level 21 in Fighting
 36776 | Shoals:4 | Noticed Bai Suzhen
 36799 | Shoals:4 | Killed Bai Suzhen
 36971 | Shoals:4 | Got a barnacled rune of Zot
 37632 | Vaults:1 | Entered Level 1 of the Vaults
 37870 | Vaults:1 | Acquired 669 gold pieces
 37954 | Vaults:1 | Found Damu's Assorted Antiques.
 38159 | Vaults:1 | Reached skill level 22 in Fighting
 38212 | Vaults:1 | Noticed Agnes
 38222 | Vaults:1 | Killed Agnes
 38226 | Arena    | Entered the Arena
 38276 | Vaults:1 | Slain by a black draconian knight

Illustrated notes

Levels and vault maps discovered:
D:1:      kennysheep_arrival_forest, layout_loops_corners,
          dreamdust_ecumenical_altar_drowned_temple
D:2:      minmay_alternating_diamond, layout_rooms, minivault_25, fountainhead,
          kennysheep_generic_room_16
D:3:      layout_basic, grunt_temple_overflow_open, nicolae_ashenzari_skybound,
          minmay_close_crescents
D:4:      layout_basic, chei_slow_surprise, mainiacjoe_overflow_cross_hatched
D:5:      layout_rooms, serial_shops, nicolae_shop_advertising_works
          [nicolae_subvault_shop_adworks], minmay_diced_spiral
D:6:      layout_loops_ring, minmay_temple_entry_glassed_door,
          nrook_pool_corridor
D:7:      layout_basic, biasface_ghost_orc_armoury
D:8:      layout_gridville, fedhas_bush_and_centaur_altar,
          erik_lair_orcish_takeover, enter_bailey_4, grunt_ministairs_8,
          uniq_maurice
D:9:      layout_loops_ring, mainiacjoe_overflow_alcove_2, serial_shops,
          nicolae_diamond_shop
D:10:     layout_basic, lemuel_tele_altar, overflow_temple_1_default,
          minmay_checkerbox
D:11:     layout_roguey, kennysheep_orc_monster_closet_entryway, serial_shops,
          nicolae_shop_trees, serial_glass, glass_columns_a, glass_columns_b,
          minmay_orc_keep, uniq_josephine
D:12:     kennysheep_room_grid, layout_cave_pools,
          ebering_dispersal_statue_hall, uniq_nessos
D:13:     minmay_recursive_quarters, layout_loops_ring, serial_shops, shop
D:14:     minmay_box_of_curves, layout_loops_cross, erik_vaults_1, basic_altar,
          nicolae_elevator_lobby_plus
D:15:     gammafunk_depths_entry_grave, layout_rooms, nicolae_wwwww,
          gammafunk_ghost_tricky_traps, serial_bayou_pond_d,
          kiku_gazebo_pond_becter, uniq_roxanne
Temple:   cyrus_temple_forest
Lair:1:   layout_misc_corridors, hangedman_lair_generics_rect,
          grunt_megastairs_5, uniq_erica
Lair:2:   layout_cave_pods, shoals_dummy_entry, spider_nest_entry_webs,
          portal_ice_cave_entry_ice_simulacra, gauntlet_entry_generic,
          uniq_urug, uniq_fannar
Lair:3:   layout_gridlike, guppyfry_lair_drakes
Lair:4:   layout_cellular_growth, ice2_lemuel, grunt_megastairs_3
Lair:5:   layout_layer_cave, minmay_stone_trees_large,
          nicolae_lair_grove_arrangements, serial_bayou_shore_a
Lair:6:   hellmonk_lair_end_abyssal_woods, layout_loops_ring,
          nicolae_slime_entry_slimehenge, gammafunk_ghost_split, uniq_kirke
Shoals:1: layout_shoals, uniq_nikola
Shoals:2: layout_shoals, nicolae_shoals_seven_spires,
          nicolae_shoals_dead_sea_scrolls
Shoals:3: layout_shoals, serial_shops, nicolae_shop_behind_doors,
          uniq_polyphemus
Shoals:4: shoals_end_grunt_ice, layout_shoals, uniq_bai_suzhen
Spider:1: layout_spider_delve, nicolae_spider_bzzzt,
          hangedman_spider_tarantella_strand
Spider:2: layout_spider_delve
Spider:3: layout_spider_delve, nicolae_looking_at_the_future
Spider:4: grunt_spider_rune_island, uniq_arachne, uniq_donald
Orc:1:    layout_diamond_mine, uniq_jorgrun
Orc:2:    pubby_orc_utopia, uniq_rupert, uniq_snorg
Vaults:1: nicolae_vaults_network_quinsquares
          [nicolae_vaults_network_quincunx_subvault,
          nicolae_vaults_network_quincunx_subvault,
          nicolae_vaults_network_quincunx_subvault,
          nicolae_vaults_network_quincunx_subvault], vaults_standard_mumra_x,
          hangedman_vaults_maws, v_rooms_3, nicolae_vaults_big_ls,
          nicolae_vaults_border_crossing, sword_in_stone,
          nicolae_vaults_little_squares_2, ontoclasm_vaults_idyll,
          ontoclasm_vaults_shuriken, layout_vaults_omnicross, serial_shops, shop

Skill      XL: |  1  2  3  4  5  6  7  8  9 10 11 12 13 14 15 16 17 18 |
---------------+-------------------------------------------------------+-----
Dodging        | 1 2 3 5 6 8 10 15 | 15.0
Armour         | 4 6 8 10 12 15 16 18 | 18.2
Fighting       | 4 5 7 8 10 12 13 14 16 18 20 22 | 22.0
Shields        | 4 7 10 12 15 | 15.0
Maces & Flails | 4 5 6 8 10 12 13 14 16 17 | 17.0
Invocations    | 4 5 6 7 8 |  8.3
Long Blades    | 7 8 10 | 10.0

Action                   |  1- 3 |  4- 6 |  7- 9 | 10-12 | 13-15 | 16-18 || total
-------------------------+-------+-------+-------+-------+-------+-------++-------
Melee: Flail             |    91 |   150 |   308 |       |       |       ||   549
       Headbutt          |    16 |    20 |    62 |   107 |   294 |   434 ||   933
       Eveningstar       |       |       |    19 |   539 |  1000 |   891 ||  2449
       Katana            |       |       |       |       |       |   526 ||   526
       War axe           |       |       |       |       |       |     9 ||     9
Invok: Heroism           |       |       |     1 |     6 |     2 |     4 ||    13
       Duel              |       |       |       |       |       |     1 ||     1
  Use: Scroll            |       |     2 |    11 |    13 |     7 |     6 ||    39
       Potion            |       |       |     3 |       |       |     2 ||     5
 Stab: Invisible         |       |       |     3 |       |       |       ||     3
Armor: Scale mail        |    46 |    69 |    67 |       |       |       ||   182
       Chain mail        |       |       |   127 |    10 |       |       ||   137
       Skin              |       |       |     5 |       |       |       ||     5
       Plate armour      |       |       |       |   328 |   484 |   575 ||  1387
Dodge: Dodged            |    49 |    58 |   153 |   154 |   323 |   725 ||  1462
Block: Buckler           |    14 |    26 |    42 |       |       |       ||    82
       Kite shield       |       |       |    68 |   288 |   626 |  1066 ||  2048
       Reflection        |       |       |       |       |       |    44 ||    44

Table legend: (Time is in decaauts)
 A = Elapsed time spent in this place.
 B = Non-inter-level travel time spent in this place.
 C = Inter-level travel time spent in this place.
 D = Time resting spent in this place.
 E = Time spent auto-exploring this place.
 F = Levels seen in this place.
 G = Mean time per level.
                   A        B        C        D        E       F      G
               +--------+--------+--------+--------+--------+-----+--------+
         Total |  38187 |  34969 |   3218 |   2697 |  23651 |  36 | 1060.8 |
       Dungeon |  16511 |  14757 |   1754 |   1092 |  10836 |  15 | 1100.7 |
        Temple |     47 |     26 |     21 |      0 |     20 |   1 |   47.0 |
          Lair |   8599 |   8009 |    590 |    510 |   6002 |   6 | 1433.2 |
        Shoals |   4204 |   3895 |    309 |    252 |   2245 |   4 | 1051.0 |
   Spider Nest |   4321 |   3971 |    350 |    629 |   2288 |   4 | 1080.2 |
  Orcish Mines |   2460 |   2268 |    192 |     51 |   1156 |   2 | 1230.0 |
        Vaults |    559 |    559 |      0 |     11 |    326 |   1 |  559.0 |
        Bailey |    588 |    588 |      0 |      5 |    397 |   1 |  588.0 |
      Ice Cave |    857 |    857 |      0 |    124 |    379 |   1 |  857.0 |
         Arena |     37 |     37 |      0 |     23 |      0 |   1 |   37.0 |
               +--------+--------+--------+--------+--------+-----+--------+

Top non-repeatable levels by time:
  Lair:6: 1859 daAuts
   Orc:2: 1781 daAuts
  Lair:2: 1645 daAuts
  Lair:5: 1593 daAuts
Shoals:4: 1506 daAuts
    D:14: 1489 daAuts
     D:7: 1403 daAuts
     D:3: 1341 daAuts
    D:10: 1327 daAuts
Spider:4: 1252 daAuts
    D:11: 1216 daAuts
Spider:2: 1211 daAuts
  Lair:4: 1202 daAuts
  Lair:1: 1186 daAuts
     D:2: 1179 daAuts
